 Dungeon Crawl Stone Soup version 0.28.0-47-ge53b351184 (webtiles) character file.

Game seed: 3343895503246256617

611 Zeld the Conjurer (level 7, -1/58 HPs)
             Began as a Grey Draconian Conjurer on Apr 29, 2022.
             Slain by Edmund
             ... wielding a +2 flail of protection
              (11 damage)
             ... on level 4 of the Dungeon.
             The game lasted 00:06:47 (6273 turns).

Zeld the Conjurer (Grey Draconian Conjurer)         Turns: 6273, Time: 00:06:48

Health: -1/58      AC: 11    Str:  9    XL:     7   Next: 20%
Magic:  1/12       EV: 12    Int: 21    God:
Gold:   222        SH:  0    Dex:  9    Spells: 2/13 levels left

rFire   . . .      SeeInvis .   a - +6 dagger (freeze)
rCold   . . .      Faith    .   (no shield)
rNeg    . . .      Spirit   .   (armour unavailable)
rPois   .          Reflect  .   (helmet restricted)
rElec   .          Harm     .   (no cloak)
rCorr   .          Rampage  .   (no gloves)
Will    .....                   (no boots)
Stlth   ++........              (no amulet)
HPRegen 0.19/turn               (no ring)
MPRegen 0.13/turn               (no ring)

@: no status effects
A: AC +11, amphibious, unfitting armour, cold-blooded
a: no special abilities


You were on level 4 of the Dungeon.
You visited 1 branch of the dungeon, and saw 5 of its levels.

You collected 222 gold pieces.

Inventory:

Hand Weapons
 a - a +6 dagger of freezing (weapon)
Jewellery
 h - a ring of flight
Wands
 q - a wand of digging (6)
Scrolls
 b - 5 scrolls of identify {unknown}
 i - a scroll of immolation {unknown}
 m - a scroll of blinking {unknown}
 o - a scroll of magic mapping {unknown}
 p - a scroll of fear {unknown}
 s - a scroll of holy word {unknown}
Potions
 c - a potion of cancellation {unknown}
 d - 4 potions of heal wounds {unknown}
 e - a potion of attraction {unknown}
 f - a potion of lignification {unknown}
 g - a potion of haste {unknown}
 j - 2 potions of flight {unknown}
 k - a potion of ambrosia {unknown}
 l - a potion of degeneration {unknown}
 n - 2 potions of invisibility {unknown}
 r - a potion of brilliance {unknown}


   Skills:
 * Level 3.8 Fighting
 + Level 3.0 Dodging
 + Level 3.0 Stealth
 * Level 3.9 Spellcasting
 * Level 5.4 Conjurations
 + Level 0.8 Hexes
 + Level 1.0 Translocations


You had 2 spell levels left.
You knew the following spells:

 Your Spells              Type           Power      Damage    Failure   Level
a - Magic Dart            Conj           100%       1d8       1%          1
b - Searing Ray           Conj           54%        2d6       1%          2
c - Fulminant Prism       Conj/Hex       8%         3d7       32%         4
d - Iskenderun's Mystic   Conj/Tloc      17%        2d5       30%         4

Your spell library contained the following spells:

 Spells                   Type           Power      Damage    Failure   Level
 Dazzling Flash           Conj/Hex       34%        N/A       10%         3


Dungeon Overview and Level Annotations

Branches:
Dungeon (5/15)
 Temple: D:4-7

Altars:
Uskayaw
Yredelemnul

Shops:
D:2 (

Annotations:
D:4 Edmund


Innate Abilities, Weirdness & Mutations

Your dull iron-grey scales are very hard. (AC +11)
You are amphibious.
You cannot fit into any form of body armour.
You are cold-blooded and may be slowed by cold attacks.


Message History

Press: ? - help, Shift-Dir - straight line, f/p - Edmund
Aim: Edmund, wielding a +2 flail of protection and wearing a +0 chain mail (heavily wounded, 100% to hit)
The magic dart hits Edmund.
Edmund is severely wounded.
Edmund hits you but does no damage.
There is an open door here.
Edmund hits you but does no damage.
Okay, then.
You hit Edmund but do no damage.
Edmund is severely wounded.
Edmund hits you but does no damage.
You hit Edmund but do no damage. You tail-slap Edmund, but do no damage.
Edmund is severely wounded.
Edmund hits you with a +2 flail of protection.
* * * LOW HITPOINT WARNING * * *
Casting: Magic Dart (safe; 1% risk of failure)
Confirm with . or Enter, or press ? or * to list all spells.
Aiming: Magic Dart (safe; 1% risk of failure)
Press: ? - help, Shift-Dir - straight line, f/p - Edmund
Aim: Edmund, wielding a +2 flail of protection and wearing a +0 chain mail (severely wounded, 100% to hit)
The magic dart hits Edmund but does no damage.
Edmund is severely wounded.
Unknown command.
Edmund barely misses you. Edmund closely misses you.
Edmund hits you with a +2 flail of protection.
* * * LOW HITPOINT WARNING * * *
There is an open door here.
Casting: Magic Dart (safe; 1% risk of failure)
Confirm with . or Enter, or press ? or * to list all spells.
Aiming: Searing Ray (safe; 1% risk of failure)
Press: ? - help, Shift-Dir - straight line, f/p - Edmund
Aim: Edmund, wielding a +2 flail of protection and wearing a +0 chain mail (severely wounded, 85% to hit)
The searing ray hits Edmund.
Edmund is severely wounded. (Press . to maintain the ray.)
The searing ray hits Edmund but does no damage.
Edmund is severely wounded.
Edmund hits you with a +2 flail of protection!
You die...

..........#.#.##.# #.........
#...#..)#.#.#.##.#### #.........
#.#.......#.#.#.....####.........
#.....#..##.#.#..<#.....####'####
......).......##.##..[..# #.....
#..###..#.#.......'.....####...#.
#..#.[..#.#..###.##=...........#.
#..###..###..# #.##.....#........
............## #@######.#........
#..###..###.# ##@####............
#..#.#....#.# #....##......######
#..#.#..###.###....##......######
.............##....###.....#.....
#..###..#.#........# #.....#.#...
#....#..#.#........# #.....#.#...
#..###..###........# #.....#.#...
...................# #.......#...


You could see Edmund.

Vanquished Creatures
  2 centaur zombies
  2 orc priests
  A jelly (D:4)
  A bullfrog skeleton (D:5)
  2 hounds
  An iguana (D:4)
  3 orc wizards
  Ijyb (D:3)
  A hound skeleton (D:4)
  Robin (D:2)
  A howler monkey skeleton (D:4)
  5 adders
  6 gnolls
  An ufetubus (D:3)
  An adder skeleton (D:4)
  3 dart slugs
  7 orcs
  2 endoplasms
  3 giant cockroaches
  21 goblins
  8 hobgoblins
  9 jackals
  6 kobolds
  A quokka (D:2)
  7 ball pythons
  4 bats
  2 frilled lizards (D:2)
  4 rats
106 creatures vanquished.

Notes
Turn   | Place    | Note
-------+----------+-------------------------------------------
     0 | D:1      | Zeld the Draconian Conjurer began the quest for the Orb.
     0 | D:1      | Reached XP level 1. HP: 14/14 MP: 3/3
   205 | D:1      | Reached XP level 2. HP: 2/22 MP: 0/5
   210 | D:1      | HP: 1/22 [jackal (2)]
   509 | D:1      | Learned a level 2 spell: Searing Ray
   706 | D:2      | Reached skill level 1 in Fighting
   909 | D:2      | Reached XP level 3. HP: 17/28 MP: 0/6
  1355 | D:3      | Reached XP level 4. HP: 26/36 MP: 3/7
  1904 | D:4      | Reached XP level 5. HP: 42/42 MP: 2/9
  2174 | D:4      | Found a basalt altar of Yredelemnul.
  2371 | D:5      | Entered Level 5 of the Dungeon
  2380 | D:5      | Reached skill level 5 in Conjurations
  2387 | D:5      | Noticed Edmund
  2429 | D:5      | Reached XP level 6. HP: 16/51 MP: 1/11
  2437 | D:5      | Learned a level 4 spell: Fulminant Prism
  2442 | D:5      | Learned a level 4 spell: Iskenderun's Mystic Blast
  2816 | D:2      | Noticed Robin
  2821 | D:2      | Killed Robin
  3949 | D:2      | Found a faded altar of an unknown god.
  4316 | D:2      | Found Wigonwox's Weapon Boutique.
  5014 | D:3      | Found a hide-covered altar of Uskayaw.
  5409 | D:3      | Your scales start taking on a dull iron-grey colour.
  5409 | D:3      | Reached XP level 7. HP: 57/57 MP: 9/12
  5441 | D:3      | Noticed Ijyb
  5453 | D:3      | Killed Ijyb
  5606 | D:3      | Reached skill level 1 in Translocations
  6273 | D:4      | Slain by Edmund

Illustrated notes

Levels and vault maps discovered:
D:1:      shiori_angband_town, layout_basic
D:2:      layout_basic, shapermc_ecumenical_altar_starsandcircs, serial_shops,
          shop, kennysheep_generic_room_10, uniq_robin
D:3:      kennysheep_goblin_castle, layout_basic,
          eat_drink_and_be_merry_uskayaw, uniq_ijyb
D:4:      layout_basic, lemuel_tele_altar, minmay_misc_feat_nine_boxes
D:5:      layout_basic, uniq_edmund

Skill      XL: |  1  2  3  4  5  6  7 |
---------------+----------------------+-----
Fighting       | 1 2 3 |  3.8
Stealth        | 2 3 |  3.0
Dodging        | 2 3 |  3.0
Spellcasting   | 3 |  3.9
Conjurations   | 5 |  5.4
Translocations | 1 |  1.0
Hexes          | |  0.8

Action                   |  1- 3 |  4- 6 |  7- 9 || total
-------------------------+-------+-------+-------++-------
Melee: Unarmed           |    38 |    36 |       ||    74
       Tailslap          |     3 |     6 |     9 ||    18
       Dagger            |       |       |    39 ||    39
 Cast: Magic Dart        |    43 |    82 |     2 ||   127
       Searing Ray       |     3 |    19 |    10 ||    32
 Stab: Sleeping          |       |       |     1 ||     1
Armor: Skin              |    23 |    45 |    26 ||    94
Dodge: Dodged            |    64 |    70 |    34 ||   168
